 Dungeon Crawl Stone Soup version 0.29-a0-330-g52719c12eb (webtiles) character file.

Game seed: 1888328163424912777

21 sanka the Insei (level 2, 29/29 HPs)
             Began as a Gnoll Monk on Apr 29, 2022.
             Was a Plaything of Xom.
             Quit the game on level 1 of the Dungeon.
             The game lasted 00:00:54 (405 turns).

sanka the Insei (Gnoll Monk)                         Turns: 405, Time: 00:00:55

Health: 29/29      AC:  2    Str: 10    XL:     2   Next: 83%
Magic:  2/2        EV: 15    Int:  9    God:    Xom [..*...]
Gold:   60         SH:  0    Dex: 14    Spells: 2/2 levels left

rFire   . . .      SeeInvis .     - Unarmed
rCold   . . .      Faith    .   (no shield)
rNeg    . . .      Spirit   .   a - +0 robe
rPois   .          Reflect  .   (no helmet)
rElec   .          Harm     .   (no cloak)
rCorr   .          Rampage  .   (no gloves)
Will    .....                   (no boots)
Stlth   +++.......              (no amulet)
HPRegen 0.09/turn               (no ring)
MPRegen 0.08/turn               (no ring)

@: no status effects
A: fangs 1, strong nose, distributed training
a: Renounce Religion


You were on level 1 of the Dungeon.
You worshipped Xom.
You were a toy of Xom.
You visited 1 branch of the dungeon, and saw 1 of its levels.

You collected 60 gold pieces.


Innate Abilities, Weirdness & Mutations

You have very sharp teeth.
Your uncanny sense of smell can sniff out nearby items.
Your experience applies equally to all skills.


   Skills:
 + Level 6.5 Fighting
 + Level 0.5 Short Blades
 + Level 0.5 Long Blades
 + Level 0.5 Axes
 + Level 0.5 Maces & Flails
 + Level 0.5 Polearms
 + Level 0.5 Staves
 + Level 0.5 Slings
 + Level 0.5 Bows
 + Level 0.5 Crossbows
 + Level 0.5 Throwing
 + Level 0.5 Armour
 + Level 6.5 Dodging
 + Level 4.1 Stealth
 + Level 0.5 Shields
 + Level 6.5 Unarmed Combat
 + Level 0.5 Spellcasting
 + Level 0.3 Conjurations
 + Level 0.3 Hexes
 + Level 0.3 Summonings
 + Level 0.3 Necromancy
 + Level 0.3 Translocations
 + Level 0.3 Transmutations
 + Level 0.3 Fire Magic
 + Level 0.3 Ice Magic
 + Level 0.3 Air Magic
 + Level 0.3 Earth Magic
 + Level 0.3 Poison Magic
 + Level 0.6 Invocations
 + Level 0.5 Evocations


You had 2 spell levels left.
You didn't know any spells.
Your spell library contained the following spells:

 Spells                   Type           Power      Damage    Failure   Level
 Shock                    Conj/Air       0%         1d3       34%         1
 Static Discharge         Conj/Air       0%         N/A       45%         2
 Swiftness                Air            0%         N/A       71%         3
 Airstrike                Air            0%         N/A       98%         4
 Dispel Undead            Necr           0%         3d6       98%         4
 Sticky Flame             Conj/Fire      0%         2d3       98%         4

Inventory:

Armour
 a - a +0 robe (worn)
 h - a +0 helmet
Jewellery
 c - a ring of ice
Scrolls
 d - a scroll of teleportation {unknown}
 e - a scroll of fear {unknown}
 g - a scroll of fog {unknown}
Potions
 b - a potion of ambrosia
 f - 3 potions of lignification {unknown}

Dungeon Overview and Level Annotations

Branches:
Dungeon (1/15)

Altars:
Xom

Shops:
D:1

? ......).▒.▒.▒.▒
.▒▒▒..........▒
▒▒...▒.......▒▒▒▒▒
.▒.▒.▒▒..........▒
...▒.▒▒.....▒▒▒▒.▒
†▒▒▒.........▒▒▒.▒
..▒[..▒...▒....▒.▒
.▒▒▒.........▒▒▒▒▒
...▒......▒.▒▒▒♣g♣▒▒▒
▒▒.▒.......▒▒f.[...f▒▒
...........▒P..P≈≈..P▒
.▒.......÷.▒▒..P≈P..▒▒
.▒▒▒▒▒.▒▒▒..▒▒f...f▒▒
...▒ ▒.▒ ▒▒..▒▒▒.▒▒▒
▒..▒ ▒.▒ ▒..▒f.▒▒f▒
...▒ ▒.▒▒▒▒.>▒▒P...▒▒
▒..▒▒▒...▒▒▒▒▒▒▒▒▒f.▒


There were no monsters in sight!


Message History

An endoplasm is nearby!
No target in view!
No target in view!
No target in view!
You see here a rat corpse.
f - 3 yellow potions (gained 1)
Found an escape hatch in the floor.
The endoplasm quivers.
You punch the endoplasm!
You kill the endoplasm!
No target in view!
No target in view!
You see here a +0 short sword.
You see here a frilled lizard skeleton.
Found a helmet.
Found 18 gold pieces and a book of Touch.
Found a faded altar of an unknown god.
h - a +0 helmet
Found a robe.
You now have enough gold to buy a scroll of fear on this level, or buy a scroll of amnesia on this level.
You can access your shopping list by pressing '$'.
You now have 60 gold pieces (gained 18).
You pick up a book of Touch and begin reading...
You add the spells Static Discharge, Sticky Flame and Dispel Undead to your library.
There is a faded altar of an unknown god here.
You cannot tell which god this altar belongs to.
Convert to them anyway?
Xom accepts your prayer! Xom welcomes you!
Xom is interested.
Are you sure you want to abandon this character and quit the game? (Confirm with "yes".)

Action                   || total
-------------------------++-------
Melee: Unarmed           ||    27
       Bite              ||     1
 Stab: Sleeping          ||     5
Armor: Robe              ||     1
Dodge: Dodged            ||    11

Levels and vault maps discovered:
D:1:      wander_arrival_estate, layout_basic,
          dreamdust_ecumenical_altar_hidden_monk_grotto, serial_glass,
          glass_columns_a, glass_columns_b, glass_columns_b, glass_columns_a,
          glass_columns_b, glass_columns_c, serial_shops, shop_fountains,
          minmay_misc_feat_four_crosses, minmay_indecisive_spiral

Notes
Turn   | Place    | Note
-------+----------+-------------------------------------------
     0 | D:1      | sanka the Gnoll Monk began the quest for the Orb.
     0 | D:1      | Reached XP level 1. HP: 23/23 MP: 1/1
   104 | D:1      | Reached XP level 2. HP: 25/29 MP: 2/2
   183 | D:1      | Found Mum Esuf's Magic Scroll Shoppe.
   393 | D:1      | Found a faded altar of an unknown god.
   404 | D:1      | Prayed at the altar of an unknown god.
   404 | D:1      | Became a worshipper of Xom the Random Number God
   405 | D:1      | Quit the game

Vanquished Creatures
  A ball python (D:1)
  5 endoplasms (D:1)
  2 giant cockroaches (D:1)
  A goblin (D:1)
  2 hobgoblins (D:1)
  2 quokkas (D:1)
  3 frilled lizards (D:1)
  A rat (D:1)
17 creatures vanquished.
